 Dungeon Crawl Stone Soup version 0.19.5 (webtiles) character file.

2263 Maskull the Poker (level 9, -1/62 HPs)
             Began as a Demonspawn Abyssal Knight on May 6, 2017.
             Was a Priest of Lugonu.
             Slain by an orc warrior
             ... wielding a +0 mace
              (15 damage)
             ... on level 8 of the Dungeon.
             The game lasted 00:19:59 (6368 turns).

Maskull the Poker (Demonspawn Abyssal Knight)       Turns: 6368, Time: 00:20:00

Health: -1/62      AC:  9    Str: 21    XL:     9   Next: 15%
Magic:  14/20      EV: 14    Int: 15    God:    Lugonu [***...]
Gold:   324        SH:  0    Dex: 17    Spells: 0 memorised, 8 levels left

rFire  . . .     SeeInvis +     a - +4 spear
rCold  . . .     Gourm    .     t - +0 chain mail "Cuukaar" {rElec rPois MP+9 Str+3}
rNeg   . . .     Faith    .     (no shield)
rPois  +         Spirit   .     (helmet unavailable)
rElec  +         Reflect  .     (no cloak)
rCorr  .         Harm     .     (no gloves)
MR     +....                    (no boots)
Stlth  ..........               (no amulet)
                                (no ring)
                                d - ring of Panentheism {Wiz MR+ Str+3 Slay-2}

@: agile, drained
A: beak, claws 1, horns 3, see invisible, frail 1, spiny 1
a: Depart the Abyss, Bend Space, Banish, Renounce Religion


You were on level 8 of the Dungeon.
You worshipped Lugonu.
Lugonu was most pleased with you.
You were very hungry.

You visited 1 branch of the dungeon, and saw 8 of its levels.
You visited the Abyss 1 time.
You also visited: Sewer.

You collected 324 gold pieces.

Inventory:

Hand Weapons
 a - a +4 spear (weapon)
 g - a +2 spear of venom
Armour
 b - a +0 leather armour
 t - the +0 chain mail "Cuukaar" (worn) {rElec rPois MP+9 Str+3}
   (You found it on level 6 of the Dungeon)

   It affects your strength (+3).
   It insulates you from electricity.
   It protects you from poison.
   It affects your magic capacity (+9).
Jewellery
 d - the ring of Panentheism (left claw) {Wiz MR+ Str+3 Slay-2}
   (You found it on level 4 of the Dungeon)

   [ring of wizardry]

   It improves your spell success rate.
   It affects your strength (+3).
   It affects your accuracy and damage with ranged weapons and melee attacks
   (-2).
   It affects your resistance to hostile enchantments.
 k - an uncursed ring of teleportation
 o - a -2 ring of strength
Wands
 l - a wand of lightning (0/15)
 p - a wand of slowing (28/48)
Scrolls
 e - 3 scrolls of fog
 i - 3 scrolls of identify
 j - 2 scrolls of noise
 u - a scroll of magic mapping
 w - a scroll of enchant armour
Potions
 h - 2 potions of flight
 m - 3 potions of magic
Books
 r - a book of Frost

   Spells                             Type                      Level
   a - Freeze                         Ice                          1
   b - Throw Frost                    Conjuration/Ice              2
   c - Ozocubu's Armour               Charms/Ice                   3
   d - Throw Icicle                   Conjuration/Ice              4
   e - Summon Ice Beast               Ice/Summoning                4
Comestibles
 c - a bread ration


   Skills:
 * Level 6.2(5.8) Fighting
 * Level 7.3(6.8) Polearms
 * Level 5.0(4.6) Armour
 * Level 3.5(3.1) Dodging
 + Level 2.4(2.0) Stealth
 + Level 3.5(3.2) Invocations
 + Level 2.0(1.6) Evocations


You had 8 spell levels left.
You didn't know any spells.

Dungeon Overview and Level Annotations

Branches:
Dungeon (8/15)             Temple (0/1) D:5
   Lair: D:8-11

Altars:

Shops:
D:4 !   D:5 *(=:


Innate Abilities, Weirdness & Mutations

You have sharp fingernails.
You have a pair of large horns on your head.
You are partially covered in sharp spines.
You have a beak for a mouth.
You have supernaturally acute eyesight. (SInv)
You are frail. (-10% HP)


Message History

Your base Armour skill increases to level 5!
You feel somewhat more hungry.
Press: ? - help, Shift-Dir - straight line, f - orc warrior
Aim: an orc warrior, wielding a mace and wearing a chain mail (chance to defeat MR: 81%)
The orc is devoured by a tear in reality.
Lugonu claims a new guest.
You are feeling very hungry.
You can no longer corrupt the fabric of space.
Press: ? - help, Shift-Dir - straight line, f/p - orc warrior
Aim: an orc warrior, wielding a mace and wearing a chain mail (chance to defeat MR: 81%)
You fail to use your ability.
Press: ? - help, Shift-Dir - straight line, f/p - orc warrior
Aim: an orc warrior, wielding a mace and wearing a chain mail (chance to defeat MR: 81%)
You fail to use your ability.
The orc warrior barely misses you.
Press: ? - help, Shift-Dir - straight line, f/p - orc warrior
Aim: an orc warrior, wielding a mace and wearing a chain mail (chance to defeat MR: 81%)
You fail to use your ability.
The orc warrior is struck by your spines.
The orc warrior hits you with a mace!
You die...

##.## ..>>.... .# ##
........ .# .. .......o
.. #. ...... #.## .$..
..# #.. ## #.# ##### #.
##.#..####.###...#######
.......@oo.§...o.§....o.
##...######.§....#####..
#.. ..........# #... .
..######...# #.... #####
#.... #.... #.... #....
#....


You could see an orc warrior and an orc.

Vanquished Creatures
  Sigmund (D:3)
  A water moccasin (D:5)
  A hornet zombie (D:7)
  An orc warrior (D:6)
  A necrophage (D:5)
  3 ogres
  6 bullfrogs
  A water moccasin skeleton (D:5)
  A scorpion (D:4)
  3 wights (D:8)
  A crimson imp (D:5)
  2 orc priests (D:7)
  2 hounds (D:6)
  A quasit (D:7)
  Crazy Yiuf (D:3)
  2 orc wizards
  Jessica (D:3)
  2 iguanas (D:6)
  6 worker ants
  A worker ant zombie (D:7)
  A river rat (D:4)
  7 adders
  A howler monkey skeleton (D:6)
  A shadow imp (D:5)
  An ooze (D:2)
  4 dart slugs
  9 leopard geckos
  17 orcs
  11 giant cockroaches
  4 hobgoblins
  2 jackals (D:2)
  11 kobolds
  4 ball pythons
  3 bats
  7 frilled lizards
  5 goblins
  A jackal skeleton (D:5)
  5 rats
132 creatures vanquished.

Vanquished Creatures (others)
  A wyvern (D:8)
  A water moccasin (D:5)
  An orc (D:8)
3 creatures vanquished.

Grand Total: 135 creatures vanquished

Notes
Turn   | Place    | Note
-------+----------+-------------------------------------------
     0 | Abyss:1  | Maskull the Demonspawn Abyssal Knight began the quest for the Orb.
     0 | Abyss:1  | Reached XP level 1. HP: 18/18 MP: 2/2
    45 | D:1      | Escaped the Abyss
   401 | D:1      | Gained mutation: You have a pair of small horns on your head. [demonic ancestry]
   401 | D:1      | Reached XP level 2. HP: 24/24 MP: 3/3
   658 | D:2      | Reached skill level 2 in Polearms
   785 | D:2      | Gained mutation: You have a pair of horns on your head. [demonic ancestry]
   785 | D:2      | Reached XP level 3. HP: 26/29 MP: 4/4
   884 | D:2      | Reached ** piety under Lugonu
  1017 | D:2      | Reached skill level 1 in Dodging
  1260 | D:3      | Found a runed door.
  1412 | D:3      | Gained mutation: You have sharp fingernails. [demonic ancestry]
  1412 | D:3      | Reached XP level 4. HP: 33/37 MP: 6/6
  1417 | D:3      | Reached skill level 3 in Polearms
  1482 | D:3      | Noticed Jessica
  1488 | D:3      | Killed Jessica
  1659 | D:3      | Reached XP level 5. HP: 42/42 MP: 7/7
  1697 | D:3      | Noticed Sigmund
  1707 | D:3      | Killed Sigmund
  1707 | D:3      | Reached skill level 4 in Polearms
  1707 | D:3      | Gained mutation: You are partially covered in sharp spines. [demonic ancestry]
  1707 | D:3      | Reached XP level 6. HP: 38/48 MP: 8/8
  1956 | D:3      | Noticed Crazy Yiuf
  1957 | D:3      | Killed Crazy Yiuf
  2082 | D:4      | Reached skill level 1 in Stealth
  2244 | D:4      | Got a scintillating copper ring
  2246 | D:4      | Identified the ring of Panentheism {Wiz MR+ Str+3 Slay-2} (You found it on level 4 of the Dungeon)
  2357 | D:4      | Found a glowing drain.
  2361 | Sewer    | Entered a sewer
  2408 | Sewer    | Reached *** piety under Lugonu
  2544 | Sewer    | Reached skill level 5 in Polearms
  2544 | Sewer    | Gained mutation: You have a pair of large horns on your head. [demonic ancestry]
  2544 | Sewer    | Reached XP level 7. HP: 33/55 MP: 9/9
  3227 | D:4      | Found Kiyloc's Distillery.
  3403 | D:5      | Entered Level 5 of the Dungeon
  3418 | D:5      | Reached skill level 5 in Fighting
  3429 | D:5      | Found Urowk's Distillery.
  3450 | D:5      | Gained mutation: You are frail. (-10% HP) [potion of mutation]
  3450 | D:5      | Gained mutation: You have a beak for a mouth. [potion of mutation]
  3450 | D:5      | Gained mutation: You have supernaturally acute eyesight. (SInv) [potion of mutation]
  3972 | D:5      | Reached XP level 8. HP: 42/52 MP: 10/10
  3994 | D:5      | Found Kadoraud's Jewellery Shop.
  4037 | D:5      | Reached skill level 6 in Polearms
  4078 | D:5      | Found Radoun's Book Boutique.
  4192 | D:5      | Found a staircase to the Ecumenical Temple.
  4290 | D:5      | Found Foxeamn's Weapon Boutique.
  4300 | D:5      | Reached skill level 1 in Evocations
  4773 | D:5      | Found Mepnel's Serpentskin Sales.
  5572 | D:6      | Got a faintly humming chain mail
  5587 | D:6      | Identified the cursed +0 chain mail "Cuukaar" {rElec rPois MP+9 Str+3} (You found it on level 6 of the Dungeon)
  5770 | D:6      | Reached skill level 7 in Polearms
  6220 | D:7      | Reached XP level 9. HP: 49/59 MP: 11/11
  6236 | D:7      | Reached **** piety under Lugonu
  6355 | D:8      | Reached skill level 5 in Armour
  6368 | D:8      | Slain by an orc warrior

Skill      XL: |  1  2  3  4  5  6  7  8  9 |
---------------+----------------------------+-----
Armour         | 2 3 4 5 |  5.0
Polearms       | 2 3 4 5 7 |  7.3
Dodging        | 1 2 3 |  3.5
Fighting       | 4 5 6 |  6.2
Stealth        | 1 2 |  2.4
Invocations    | 3 |  3.5
Evocations     | 2 |  2.0

Action                   |  1- 3 |  4- 6 |  7- 9 || total
-------------------------+-------+-------+-------++-------
Melee: Spear             |   106 |    66 |   195 ||   367
       Headbutt          |    10 |     7 |    20 ||    37
       Peck              |       |       |    31 ||    31
Invok: Banish            |       |       |     3 ||     3
       Bend Space        |       |       |     1 ||     1
Evoke: Wand              |     1 |     4 |     9 ||    14
  Use: Scroll            |     9 |     8 |    15 ||    32
       Potion            |       |     1 |     7 ||     8
 Stab: Sleeping          |     1 |     1 |     3 ||     5
  Eat: Royal jelly       |     1 |       |       ||     1
       Meat ration       |       |     1 |       ||     1
       Bread ration      |       |       |     2 ||     2
       Pizza             |       |       |     1 ||     1
Armor: Leather armour    |    11 |    10 |    17 ||    38
       Skin              |       |     2 |     5 ||     7
       Chain mail        |       |       |    30 ||    30
Dodge: Dodged            |    44 |    34 |    84 ||   162
